 Dungeon Crawl Stone Soup version 0.31-a0-818-ge7c7cf74f0 (webtiles) character file.

Game seed: 7269414546719928654

2571 pokeman the Thaumaturge (level 9, -3/48 HPs)
             Began as a Deep Elf Hedge Wizard on Sept 23, 2023.
             Was a Follower of Vehumet.
             Killed from afar by an acid dragon (36 damage)
             ... with a splash of acid
             ... on level 7 of the Dungeon.
             The game lasted 00:13:15 (6714 turns).

pokeman the Thaumaturge (Deep Elf Hedge Wizard)     Turns: 6714, Time: 00:13:16

Health: -3/48      AC:  0    Str:  7    XL:     9   Next: 32%
Magic:  35/35      EV: 18    Int: 24    God:    Vehumet [*.....]
Gold:   286        SH:  0    Dex: 14    Spells: 22/31 levels left

rFire   . . .        u - +2 short sword (venom)
rCold   + . .        (no shield)
rNeg    . . .        B - +1 robe {rC+}
rPois   .            c - +0 hat
rElec   .            (no cloak)
rCorr   .            x - +0 pair of gloves
SInv    .            (no boots)
Will    .....        a - amulet of magic regeneration
Stlth   +++          j - +5 ring of evasion
HPRegen 0.28/turn    m - ring of magical power
MPRegen 0.64/turn

%: no passive effects
@: corroded
A: no striking features
a: Renounce Religion


You were on level 7 of the Dungeon.
You worshipped Vehumet.
Vehumet was aware of your devotion.
You visited 2 branches of the dungeon, and saw 8 of its levels.

You collected 286 gold pieces.

Inventory:

Hand Weapons
 u - a +2 short sword of venom (weapon)
Missiles
 w - 3 throwing nets
 z - 4 curare-tipped darts
Armour
 c - a +0 hat (worn)
 x - a +0 pair of gloves (worn)
 B - a +1 robe of cold resistance (worn)
Jewellery
 a - an amulet of magic regeneration (around neck)
 j - a +5 ring of evasion (left hand)
 m - a ring of magical power (right hand)
 A - a ring of positive energy
Wands
 q - a wand of flame (28)
 D - a wand of iceblast (9)
Scrolls
 f - 4 scrolls of fear {unknown}
 g - 9 scrolls of identify {unknown}
 h - 3 scrolls of fog {unknown}
 i - 3 scrolls of teleportation {unknown}
 l - 2 scrolls of amnesia {unknown}
 n - 3 scrolls of enchant weapon {unknown}
 o - a scroll of butterflies {unknown}
 r - a scroll of silence {unknown}
 t - a scroll of revelation {unknown}
 y - a scroll of blinking {unknown}
Potions
 b - a potion of resistance {unknown}
 d - a potion of magic
 e - a potion of haste {unknown}
 k - a potion of berserk rage {unknown}
 p - a potion of attraction {unknown}
 s - a potion of might {unknown}
 v - 2 potions of curing {unknown}
 C - a potion of cancellation {unknown}


   Skills:
 + Level 2.0 Fighting
 - Level 4.0 Armour
 - Level 4.0 Dodging
 - Level 4.0 Stealth
 * Level 11.7 Spellcasting
 + Level 6.5 Conjurations
 - Level 1.1 Summonings
 - Level 1.1 Translocations
 + Level 0.8 Fire Magic
 - Level 1.0 Air Magic
 - Level 1.1 Poison Magic
 - Level 1.0 Evocations


You had 22 spell levels left.
You knew the following spells:

 Your Spells              Type           Power      Damage    Failure   Level
a - Magic Dart            Conj           100%       1d8       1%          1
b - Mephitic Cloud        Conj/Pois/Air  28%        N/A       4%          3
c - Call Imp              Summ           38%        N/A       4%          2
d - Blink                 Tloc           38%        N/A       4%          2
e - Foxfire               Conj/Fire      100%       2x1d9     1%          1

Your spell library contained the following spells:

 Spells                   Type           Power      Damage    Failure   Level
 Apportation              Tloc           38%        N/A       2%          1
 Summon Small Mammal      Summ           76%        N/A       2%          1
 Necrotise                Necr           56%        1d6       4%          1
 Slow                     Hex            56%        N/A       4%          1
 Cigotuvi's Dreadful Rot  Necr/Pois/Air  34%        N/A       4%          2
 Call Canine Familiar     Summ           19%        N/A       9%          3
 Summon Guardian Golem    Hex/Summ       16%        N/A       11%         3


Dungeon Overview and Level Annotations

Branches:
Dungeon (7/15)             Temple (1/1) D:5

Altars:
Cheibriados
Dithmenos
Elyvilon
Fedhas
Gozag
Hepliaklqana
Kikubaaqudgha
Makhleb
Nemelex Xobeh
Qazlal
Ru
Vehumet
Wu Jian
Xom
Yredelemnul
Zin
The Shining One

Annotations:
D:3 3 runed translucent doors, Age's ghost, weakling MiFi; Dittersdorf's ghost, amateur GrFi; Shayle's ghost, amateur OgHs
D:6 Grinder


Message History

The foxfire hits the bullfrog.
The bullfrog is heavily wounded.
The foxfire hits the bullfrog!
The bullfrog is almost dead.
The foxfire hits the bullfrog.
The bullfrog is almost dead.
Casting: Foxfire (safe; 1% risk of failure)
Confirm with . or Enter, or press ? or * to list all spells.
You conjure some foxfire!
The bullfrog hits you.
The foxfire hits the bullfrog.
You kill the bullfrog!
Vehumet accepts your kill.
Your foxfire dissipates!
D - a wand of iceblast (9)
w - 3 throwing nets (gained 1)
You now have 286 gold pieces (gained 14).
Found a chain mail.
You see here a +0 chain mail.
You see here a +0 chain mail.
Found a falchion.
Found a hand axe.
You see here a +0 hand axe.
h - 3 scrolls labelled IHOARU TOXKOR (gained 1)
The acid dragon roars!
The acid dragon spits acid at you. The splash of acid hits you!!
The acid corrodes you!
Casting: Foxfire (safe; 1% risk of failure)
Confirm with . or Enter, or press ? or * to list all spells.
A tiny devil pulls itself out of the air.
Your cerulean imp barely misses the acid dragon.
The acid dragon spits acid at you. The splash of acid misses you.
Your cerulean imp barely misses the acid dragon.
Your cerulean imp hits the acid dragon with a -3 spear.
Your cerulean imp closely misses the acid dragon.
Your cerulean imp hits the acid dragon but does no damage.
The acid dragon spits acid at you. The splash of acid hits you!!!
Ouch! That really hurt!
You die...

#.# #.# #..).....................
#.# #.# #.#.#########.##.#####...
#.###.# #.#.#######..............
...##D# ..#.)....<#......#####..#
#..##.#.###########.#.##.#####..#
...##.#. ...............#
##.##.#############.#..†.......##
#.##....5.D.....##.#..#........)
#.##.##########@## #..#.########
#....##...# #.# #........# #
#....'....# #.# #..#.###.####
#....#....# #.# #..#........#
#####.#....# #.# #. #####.##.#
......#....# #.# ####......#.#
......#.#### #.# .............
......#.##### #.# ####.######.#
............. #.# #.........


You could see an acid dragon (catching breath, ally target) and a friendly
cerulean imp (summoned).

Vanquished Creatures
  Pikel (D:6)
  Prince Ribbit (D:5)
  Sigmund (D:3)
  Duvessa (D:4)
  A water moccasin (D:7)
  An ice beast (D:7)
  2 ogres
  A centaur (D:6)
  A lemure (D:6)
  4 kobold brigands
  2 phantoms (D:5)
  A bullfrog (D:7)
  A scorpion (D:6)
  Dowan (D:4)
  3 jellies
  5 orc priests
  7 orc wizards
  4 gnolls (D:3)
  4 adders
  3 white imps
  2 ufetubi
  A worm (D:2)
  3 dart slugs
  13 orcs
  6 ball pythons
  8 endoplasms
  6 giant cockroaches
  4 goblins (D:4)
  10 hobgoblins
  4 jackals (D:1)
  20 kobolds
  4 quokkas
  8 bats (D:3)
  4 frilled lizards
  9 rats
147 creatures vanquished.

Vanquished Creatures (others)
  A kobold (D:4)
  21 foxfires (D:7)
22 creatures vanquished.

Grand Total: 169 creatures vanquished

Notes
Turn   | Place    | Note
-------+----------+-------------------------------------------
     0 | D:1      | pokeman the Deep Elf Hedge Wizard began the quest for the
                  | Orb.
     0 | D:1      | Reached XP level 1. HP: 10/10 MP: 7/7
   234 | D:1      | Reached XP level 2. HP: 13/15 MP: 4/9
   848 | D:1      | Reached skill level 5 in Spellcasting
  1074 | D:1      | Reached XP level 3. HP: 20/20 MP: 5/11
  1082 | D:1      | Learned a level 3 spell: Mephitic Cloud
  1085 | D:1      | Learned a level 2 spell: Call Imp
  1088 | D:1      | Learned a level 2 spell: Blink
  1372 | D:2      | Found a faded altar of an unknown god.
  1387 | D:2      | Noticed an ogre
  1573 | D:2      | Reached skill level 1 in Fighting
  1623 | D:2      | Killed an ogre
  1624 | D:2      | Reached skill level 1 in Armour
  1624 | D:2      | Reached XP level 4. HP: 25/25 MP: 8/13
  1966 | D:2      | Reached skill level 6 in Spellcasting
  1966 | D:2      | Reached XP level 5. HP: 29/29 MP: 15/15
  2835 | D:3      | Noticed Sigmund
  2849 | D:3      | Killed Sigmund
  2850 | D:3      | Reached XP level 6. HP: 32/34 MP: 17/17
  3107 | D:3      | Reached skill level 7 in Spellcasting
  3145 | D:3      | Found an opulent altar of Gozag.
  3342 | D:3      | Found a runed translucent gate.
  3343 | D:3      | Found a runed translucent gate.
  3344 | D:3      | Found a runed translucent gate.
  3347 | D:3      | Noticed Dittersdorf's ghost (amateur GrFi)
  3347 | D:3      | Noticed Shayle's ghost (amateur OgHs)
  3347 | D:3      | Noticed Age's ghost (weakling MiFi)
  3681 | D:4      | Noticed Dowan
  3684 | D:4      | Noticed Duvessa
  3729 | D:4      | Killed Duvessa
  3730 | D:4      | Reached skill level 1 in Air Magic
  3730 | D:4      | Reached skill level 1 in Poison Magic
  3731 | D:4      | Killed Dowan
  3732 | D:4      | Reached skill level 1 in Evocations
  3732 | D:4      | Reached XP level 7. HP: 38/38 MP: 20/20
  4532 | D:5      | Entered Level 5 of the Dungeon
  4575 | D:5      | Reached skill level 8 in Spellcasting
  4826 | D:5      | Noticed Prince Ribbit
  4844 | D:5      | Killed Prince Ribbit
  4845 | D:5      | Reached XP level 8. HP: 43/44 MP: 22/22
  4851 | D:5      | Reached skill level 9 in Spellcasting
  4933 | D:5      | Found a stormy altar of Qazlal.
  4963 | D:5      | Found a staircase to the Ecumenical Temple.
  4968 | Temple   | Entered the Ecumenical Temple
  4986 | Temple   | Became a worshipper of Vehumet
  5249 | D:5      | Found a burning altar of Makhleb.
  5381 | D:6      | Reached skill level 5 in Conjurations
  5635 | D:6      | Reached skill level 10 in Spellcasting
  5696 | D:6      | Noticed Pikel
  5714 | D:6      | Killed Pikel
  5715 | D:6      | Reached skill level 11 in Spellcasting
  5715 | D:6      | Reached XP level 9. HP: 48/48 MP: 26/26
  5961 | D:6      | Noticed Grinder
  6354 | D:7      | Reached * piety under Vehumet
  6354 | D:7      | Offered knowledge of Foxfire by Vehumet.
  6360 | D:7      | Learned a level 1 spell: Foxfire
  6714 | D:7      | Killed from afar by an acid dragon

Illustrated notes

Levels and vault maps discovered:
D:1:      wander_arrival_fairy_ring, layout_basic
D:2:      layout_loops_corners, ebering_ecumenical_altar_sacrificial
D:3:      layout_basic, grunt_gozag_statues, gammafunk_ghost_cemetery,
          uniq_sigmund
D:4:      layout_layer_cave, lexackson_kobold_supper, uniq_duvessa
D:5:      layout_cave_pools, lemuel_tele_altar, amcnicky_altar_gilded,
          minmay_temple_entry_ruins, uniq_prince_ribbit1
D:6:      cheibrodos_thug_alley, layout_basic, trog_antimagical, uniq_grinder,
          uniq_pikel
D:7:      layout_basic
Temple:   jpeg_temple_clearing

Skill      XL: |  1  2  3  4  5  6  7  8  9 |
---------------+----------------------------+-----
Spellcasting   | 5 6 7 8 11 | 11.7
Fighting       | 1 2 |  2.0
Armour         | 1 2 3 4 |  4.0
Conjurations   | 2 3 4 6 |  6.5
Dodging        | 3 4 |  4.0
Stealth        | 3 4 |  4.0
Air Magic      | 1 |  1.0
Poison Magic   | 1 |  1.1
Evocations     | 1 |  1.0
Summonings     | |  1.1
Translocations | |  1.1
Fire Magic     | |  0.8

Action                     |  1- 3 |  4- 6 |  7- 9 || total
---------------------------+-------+-------+-------++-------
  Melee: Dagger            |     1 |       |       ||     1
         Whip              |       |    17 |       ||    17
         Punch             |       |     1 |     3 ||     4
         Short sword       |       |       |   115 ||   115
   Cast: Magic Dart        |   111 |   123 |   115 ||   349
         Mephitic Cloud    |     1 |     6 |    23 ||    30
         Call Imp          |       |     1 |     3 ||     4
         Foxfire           |       |       |    15 ||    15
   Stab: Confused          |       |     2 |    11 ||    13
 Armour: Robe              |     4 |     6 |    45 ||    55
  Dodge: Dodged            |    10 |    19 |   104 ||   133

Table legend: (Time is in decaauts)
 A = Elapsed time spent in this place.
 B = Non-inter-level travel time spent in this place.
 C = Inter-level travel time spent in this place.
 D = Time resting spent in this place.
 E = Time spent auto-exploring this place.
 F = Levels seen in this place.
 G = Mean time per level.
                   A        B        C        D        E       F      G
               +--------+--------+--------+--------+--------+-----+--------+
         Total |   6716 |   6580 |    136 |     18 |   5542 |   8 |  839.5 |
       Dungeon |   6679 |   6577 |    102 |     18 |   5542 |   7 |  954.1 |
        Temple |     36 |      2 |     34 |      0 |      0 |   1 |   36.0 |
               +--------+--------+--------+--------+--------+-----+--------+

Top non-repeatable levels by time:
     D:1: 1316 daAuts
     D:2: 1224 daAuts
     D:4: 1018 daAuts
     D:3: 972 daAuts
     D:5: 721 daAuts
     D:7: 716 daAuts
     D:6: 710 daAuts
  Temple: 36 daAuts
